 Dungeon Crawl Stone Soup version 0.17.0-23-g0de4337 (webtiles) character file.

18837 Peloso the Peltast (level 12, -14/106 HPs)
             Began as a Minotaur Fighter on Nov 14, 2015.
             Was a High Priest of Okawaru.
             Killed from afar by Azrael (31 damage)
             ... with a blast of hellfire
             ... on level 13 of the Dungeon.
             The game lasted 00:57:07 (10162 turns).

Peloso the Peltast (Minotaur Fighter)              Turns: 10162, Time: 00:57:07

Health: -14/106    AC: 21    Str: 25    XL:     12   Next: 31%
Magic:  11/11      EV: 15    Int:  5    God:    Okawaru [*****.]
Gold:   719        SH: 16    Dex: 14    Spells: 0 memorised, 11 levels left

rFire  x . .     SeeInvis .     G - +1 demon blade (venom)
rCold  + . .     Clarity  .     B - quicksilver dragon armour
rNeg   . . .     SustAt   .     O - +2 shield {AC+3}
rPois  .         Gourm    .     (helmet restricted)
rElec  .         Spirit   .     b - +0 cloak
rCorr  .         Warding  .     j - +1 pair of gloves
rMut   .         Stasis   .     f - +0 pair of boots
MR     +....                    (no amulet)
Stlth  +.........               P - ring of ice
                                w - +3 ring of dexterity

@: very slightly contaminated, somewhat resistant to hostile enchantments, very
unstealthy
A: retaliatory headbutt, horns 2, mutation resistance 1
a: Heroism, Finesse, Renounce Religion


You were on level 13 of the Dungeon.
You worshipped Okawaru.
Okawaru was extremely pleased with you.
You were not hungry.

You visited 2 branches of the dungeon, and saw 14 of its levels.

You collected 719 gold pieces.

Inventory:

Hand Weapons
 c - a +0 war axe of flaming
 n - a +0 mace of protection
 G - a +1 demon blade of venom (weapon)
 H - a +2 falchion of freezing
 W - a +2 great sword
Armour
 b - a +0 cloak (worn)
 f - a +0 pair of boots (worn)
 j - a +1 pair of gloves (worn)
 m - a +0 plate armour
 z - a +0 large shield
 B - a quicksilver dragon armour (worn)
 O - a +2 shield of protection (worn)
Jewellery
 l - an uncursed ring of ice
 w - a +3 ring of dexterity (left hand)
 K - an uncursed ring of sustain attributes
 N - an uncursed ring of invisibility {unknown}
 P - a ring of ice (right hand)
Wands
 p - a wand of disintegration (11)
 y - a wand of flame (31)
 J - a wand of confusion (33)
 S - a wand of teleportation (2)
 U - a wand of paralysis (9)
Scrolls
 i - 5 scrolls of teleportation
 q - a scroll of recharging
 r - a scroll of amnesia
 s - a scroll of remove curse
 D - 3 scrolls of enchant weapon
 E - 2 scrolls of random uselessness
 I - 2 scrolls of enchant armour
 L - a scroll of holy word
Potions
 h - a potion of degeneration {unknown}
 k - a potion of haste
 t - 2 potions of heal wounds
 u - a potion of berserk rage {unknown}
 v - 3 potions of curing
 x - 3 potions of flight {unknown}
 A - 2 potions of invisibility {unknown}
 C - a potion of cure mutation {unknown}
 F - 2 potions of brilliance {unknown}
 Q - a potion of agility {unknown}
 R - a potion of might
 X - a potion of cancellation {unknown}
Comestibles
 a - 3 chunks of flesh
 d - 16 fruits
 e - 5 bread rations
 o - a beef jerky
 T - 9 royal jellies
 Y - 2 meat rations


   Skills:
 + Level 10.0 Fighting
 + Level 11.5 Long Blades
 + Level 9.8 Armour
 + Level 7.5 Dodging
 + Level 0.8 Stealth
 + Level 15.0 Shields


You had 11 spell levels left.
You didn't know any spells.

Dungeon Overview and Level Annotations

Branches:
Dungeon (13/15)            Temple (1/1) D:6            Lair (0/8) D:9
    Orc (0/4) D:11
 Vaults: D:13-14

Altars:
Ashenzari
Cheibriados
Dithmenos
Elyvilon
Makhleb
Okawaru
Sif Muna
Vehumet
Xom
Yredelemnul

Annotations:
D:13 Azrael


Innate Abilities, Weirdness & Mutations

You reflexively headbutt those who attack you in melee.
You have a pair of horns on your head.
You are somewhat resistant to further mutation.


Message History

Azrael gestures at you.
The fireball explodes!
The fireball engulfs you!
The fireball engulfs Azrael.
Azrael completely resists.
Unknown command.
You hit Azrael but do no damage.
Azrael is poisoned.
You headbutt Azrael, but do no damage.
Azrael is lightly wounded.
Azrael laughs insanely.
Azrael gestures at you.
The hellfire explodes!
The blast of hellfire engulfs you!
* * * LOW HITPOINT WARNING * * *
The blast of hellfire engulfs Azrael.
Azrael completely resists.
Read which item? (? for menu, Esc to quit)
Blink to where?
Press: ? - help, Dir - move target cursor You are very lightly contaminated with residual magic.
As you read the scroll of blinking, it crumbles to dust.
Azrael gestures at you.
The hellfire explodes!
The blast of hellfire engulfs you!
You die...

#.###.# #.# #.# #.# #.#
..# #.# #.# .# #^# #.#
#.# #.# #.# .# #.###.##
..# #.# #.# ### .#
#.##...# .## #.# .. ..#
.# #.##...# .# #.# #.#
.# #.##...# .# # #.# .#
#.###.##
.####.#######.###.###
#.# #.#
......>..EhR§...@...#
#.#
....######h##.#####.....
#.# .#### # #.# ### #.#
.#####
#.##############.#
.......
#.##.(...........#
#######
#....#############
######


You could see Azrael, a fire elemental and 2 hell hounds.

Vanquished Creatures
  Kirke (D:12)
  The ghost of OmG the Thaumaturge, a journeyman DEWz of Sif Muna (D:12)
  2 unseen horrors
  A wizard (D:11)
  3 hill giants
  A cyclops (D:13)
  A lindwurm (D:9)
  An ugly thing (D:11)
  2 kobold demonologists (D:11)
  A troll (D:12)
  Grinder (D:5)
  Prince Ribbit (D:9)
  A two-headed ogre (D:11)
  6 slime creatures (D:12)
  2 wraiths
  A hog (D:12)
  7 yaks (D:11)
  3 deep elf magi
  A hungry ghost (D:10)
  4 hippogriffs
  A mottled dragon (D:11)
  2 soldier ants (D:9)
  2 eyes of draining
  A spider (D:9)
  2 phantoms
  3 ogres
  4 ice beasts
  A sky beast (D:8)
  A wasp (D:11)
  4 black bears
  A necrophage (D:11)
  6 orc warriors
  7 centaurs
  7 big kobolds
  A wyvern zombie (D:13)
  5 giant frogs
  8 scorpions
  14 wights
  13 killer bees
  A lava snake (D:9)
  9 hounds
  2 jellies
  4 crimson imps
  A centaur zombie (D:8)
  3 giant frog skeletons
  Crazy Yiuf (D:5)
  2 giant frog zombies
  2 quasits
  Ijyb (D:2)
  8 worker ants
  3 centaur skeletons
  3 iguanas
  9 orc priests
  A gnoll shaman (D:6)
  6 orc wizards
  A killer bee zombie (D:8)
  3 hound skeletons
  A worker ant zombie (D:10)
  12 gnolls
  11 adders
  4 shadow imps
  An ooze (D:6)
  4 worms
  4 adder zombies
  30 orcs
  A ball python (D:1)
  7 goblins
  A hobgoblin (D:1)
  14 jackals
  4 bats
  4 giant cockroaches
  3 giant geckos
  A giant gecko zombie (D:5)
  3 giant newts
  A jackal skeleton (D:5)
  42 kobolds
  2 quokkas
  A quokka zombie (D:5)
  6 rats
341 creatures vanquished.

Vanquished Creatures (others)
  3 humans (D:12)
3 creatures vanquished.

Grand Total: 344 creatures vanquished

Notes
Turn   | Place    | Note
--------------------------------------------------------------
     0 | D:1      | Peloso the Minotaur Fighter began the quest for the Orb.
     0 | D:1      | Reached XP level 1. HP: 19/19 MP: 0/0
   412 | D:1      | Reached skill level 4 in Armour
   412 | D:1      | Reached XP level 2. HP: 27/27 MP: 1/1
   920 | D:2      | Reached XP level 3. HP: 33/33 MP: 2/2
  1045 | D:2      | Noticed Ijyb
  1080 | D:2      | Killed Ijyb
  1080 | D:2      | Reached skill level 1 in Dodging
  1121 | D:2      | Reached XP level 4. HP: 25/40 MP: 3/3
  1982 | D:3      | Reached skill level 5 in Armour
  1982 | D:3      | Reached XP level 5. HP: 47/47 MP: 4/4
  2498 | D:4      | Reached skill level 5 in Shields
  2734 | D:5      | Entered Level 5 of the Dungeon
  2761 | D:5      | Noticed a centaur
  2772 | D:5      | Killed a centaur
  2772 | D:5      | Reached XP level 6. HP: 43/53 MP: 5/5
  2866 | D:5      | Noticed Grinder
  2878 | D:5      | Paralysed by Grinder for 2 turns
  2892 | D:5      | Killed Grinder
  2892 | D:5      | Reached skill level 5 in Fighting
  2892 | D:5      | Reached skill level 6 in Armour
  2892 | D:5      | Reached XP level 7. HP: 28/61 MP: 6/6
  2944 | D:5      | Noticed a centaur
  2954 | D:5      | Killed a centaur
  2956 | D:5      | Noticed an ogre
  2967 | D:5      | Killed an ogre
  3189 | D:5      | Gained mutation: You are somewhat resistant to further mutation. [potion of beneficial mutation]
  3194 | D:5      | Noticed Crazy Yiuf
  3202 | D:5      | Killed Crazy Yiuf
  3585 | D:6      | Reached skill level 5 in Long Blades
  3585 | D:6      | Reached XP level 8. HP: 65/69 MP: 7/7
  3590 | D:6      | Got a garnet-encrusted leather armour
  3608 | D:6      | Reached skill level 7 in Shields
  3857 | D:6      | Reached skill level 8 in Shields
  3878 | D:6      | Found a staircase to the Ecumenical Temple.
  3888 | Temple   | Entered the Ecumenical Temple
  3923 | Temple   | Became a worshipper of Warmaster Okawaru
  3987 | D:6      | Identified the +1 leather armour of the Shoals {Str+7 Dex-4} (You found it on level 6 of the Dungeon)
  4281 | D:7      | Reached skill level 9 in Shields
  4431 | D:7      | Reached * piety under Okawaru
  4431 | D:7      | Reached XP level 9. HP: 67/78 MP: 8/8
  4591 | D:7      | Noticed Prince Ribbit
  4887 | D:8      | Found a burning altar of Makhleb.
  5057 | D:8      | Reached ** piety under Okawaru
  5057 | D:8      | Reached skill level 10 in Shields
  5461 | D:8      | Found a deep blue altar of Sif Muna.
  5461 | D:8      | Found a white marble altar of Elyvilon.
  6053 | D:9      | Reached skill level 11 in Shields
  6257 | D:9      | Reached XP level 10. HP: 76/86 MP: 9/9
  6321 | D:9      | Found a staircase to the Lair.
  6374 | D:9      | Reached *** piety under Okawaru
  6585 | D:9      | Noticed a lindwurm
  6596 | D:9      | Killed a lindwurm
  6620 | D:9      | Killed Prince Ribbit
  6620 | D:9      | Received a gift from Okawaru
  6698 | D:9      | Reached skill level 12 in Shields
  6720 | D:10     | Entered Level 10 of the Dungeon
  7369 | D:11     | Reached **** piety under Okawaru
  7732 | D:11     | Reached skill level 13 in Shields
  7885 | D:11     | Killed an unseen horror
  7885 | D:11     | Reached XP level 11. HP: 74/95 MP: 10/10
  7912 | D:11     | Noticed a wizard
  7919 | D:11     | Paralysed by something for 3 turns
  7930 | D:11     | Killed a wizard
  7930 | D:11     | Reached skill level 5 in Dodging
  7933 | D:11     | Reached ***** piety under Okawaru
  7995 | D:11     | Found a staircase to the Orcish Mines.
  8029 | D:11     | Noticed a purple ugly thing
  8036 | D:11     | Killed a purple ugly thing
  8111 | D:11     | Received a gift from Okawaru
  8245 | D:11     | Noticed an ice devil
  8370 | D:11     | Reached skill level 10 in Long Blades
  8376 | D:11     | Noticed a hill giant
  8385 | D:11     | Killed a hill giant
  8388 | D:11     | Reached skill level 14 in Shields
  8666 | D:12     | Noticed Kirke
  8777 | D:12     | Noticed a lindwurm
  8783 | D:12     | Killed Kirke
  8806 | D:12     | Noticed OmG's ghost (journeyman DEWz)
  8822 | D:12     | Killed OmG's ghost
  8902 | D:12     | Reached XP level 12. HP: 58/105 MP: 11/11
  9171 | D:12     | Found a flagged portal.
  9189 | D:12     | Noticed a hill giant
  9195 | D:12     | Killed a hill giant
  9243 | D:12     | Killed an unseen horror
  9947 | D:13     | Reached skill level 15 in Shields
  9952 | D:13     | Reached skill level 10 in Fighting
 10156 | D:13     | Noticed Azrael
 10162 | D:13     | Killed from afar by Azrael

Action                   |  1- 3 |  4- 6 |  7- 9 | 10-12 || total
-------------------------+-------+-------+-------+-------++-------
Melee: Long sword        |    80 |   118 |   398 |       ||   596
       Demon blade       |       |       |    45 |   556 ||   601
Invok: Heroism           |       |       |     1 |       ||     1
  Use: Potion            |       |     1 |     1 |     3 ||     5
       Scroll            |       |       |    13 |    17 ||    30
  Eat: Chunk             |     1 |     5 |    11 |    11 ||    28
       Fruit             |       |       |     2 |     1 ||     3
       Beef jerky        |       |       |       |     2 ||     2
